 Dungeon Sprint DCSS version 0.21-a0-338-g36cf2fc (webtiles) character file.

3019 Kidiri the Fighter (level 9, -4/93 HPs)
             Began as a Red Draconian Berserker on Oct 3, 2017.
             Was a High Priest of Trog.
             Killed from afar by an oklob plant (14 damage)
             ... with a splash of acid
             ... in the Dungeon (Sprint IX: "|||||||||||||||||||||||||||||").
             The game lasted 00:03:35 (945 turns).

Kidiri the Fighter (Red Draconian Berserker)         Turns: 945, Time: 00:03:36

Health: -4/93      AC: -3    Str: 22    XL:     9   Next: 55%
Magic:  9/9        EV: 18    Int: 14    God:    Trog [*****.]
Gold:   0          SH:  0    Dex: 11    Spells: 8/8 levels left

rFire    + . .     SeeInvis .   a - +2 scimitar (flame)
rCold    . . .     Gourm    .   (no shield)
rNeg     . . .     Faith    .   (armour unavailable)
rPois    .         Spirit   .   (helmet restricted)
rElec    .         Reflect  .   n - +0 cloak
rCorr    .         Harm     .   (no gloves)
MR       .....     NoTele   +   m - +0 pair of boots
Stlth    +.........             (no amulet)
HPRegen  0.25/turn              o - +3 ring of intelligence
MPRegen  0.11/turn              p - +3 ring of intelligence

@: corroded, berserk cooldown, slowed, very slow
A: breathe fire, unfitting armour, fire resistance 1, cold-blooded, AC +7
a: Breathe Fire, Berserk, Trog's Hand, Brothers in Arms, Burn Spellbooks,
Renounce Religion


You were in the Dungeon.
You worshipped Trog.
Trog was extremely pleased with you.
You were not hungry.

You visited 1 branch

Inventory:

Hand Weapons
 a - a +2 scimitar of flaming (weapon)
Armour
 m - a +0 pair of boots (worn)
 n - a +0 cloak (worn)
Jewellery
 o - a +3 ring of intelligence (left hand)
 p - a +3 ring of intelligence (right hand)
Wands
 l - a wand of lightning (7/15)
Scrolls
 h - 2 scrolls of blinking
 k - 5 scrolls of remove curse
 q - a scroll of fear
 r - a scroll of recharging
 s - 2 scrolls of enchant armour
 t - 2 scrolls of enchant weapon
Potions
 c - 6 potions of curing
 d - 7 potions of heal wounds
 e - a potion of haste
 f - 4 potions of magic
 g - 2 potions of berserk rage
 i - a potion of brilliance
 j - a potion of invisibility


   Skills:
 * Level 13.1 Fighting
 * Level 12.1 Long Blades
 + Level 7.7 Throwing
 * Level 11.2 Dodging


You had 8 spell levels left.
You didn't know any spells.

Dungeon Overview and Level Annotations

Branches:
Dungeon (1/1)

Altars:
Cheibriados
Dithmenos
Elyvilon
Fedhas
Gozag
Hepliaklqana
Kikubaaqudgha
Makhleb
Nemelex Xobeh
Okawaru
Qazlal
Ru
Sif Muna
Trog
Uskayaw
Vehumet
Wu Jian
Xom
Yredelemnul
Zin
The Shining One
Beogh
Jiyva
Lugonu

Annotations:
D exclusion: oklob plant


Innate Abilities, Weirdness & Mutations

You can breathe blasts of fire.
Your fiery red scales are hard. (AC +7)
You cannot fit into any form of body armour.
Your flesh is heat resistant. (rF+)
You are cold-blooded and may be slowed by cold attacks.


Message History

The komodo dragon is engulfed in blazing flames.
Unknown command.
You slash the oklob plant! You burn the oklob plant.
The oklob plant is moderately damaged.
The komodo dragon is engulfed in blazing flames.
The oklob plant spits acid at you. The splash of acid hits you!
The acid corrodes you!
You are splashed with acid!
The acid burns!
The komodo dragon is engulfed in blazing flames.
You fail to use your ability.
Your troll goes berserk!
You feel somewhat more hungry. The oklob plant spits acid at you.
The splash of acid hits you!
* * * LOW HITPOINT WARNING * * *
The acid corrodes you!
You are splashed with acid!
The acid burns!
* * * LOW HITPOINT WARNING * * *
The oklob plant spits acid at you. The splash of acid hits you!
You die...

▓▓▓▓▓▓▓▓▓▓▓▓▓▓▓▓▓▓▓▓▓
...([.....((÷..T@Pl.+
▓▓▓▓▓▓▓▓▓▓▓▓▓▓▓▓▓▓▓▓▓▓▓▓▓▓▓▓▓▓▓▓▓
.................................
▓▓▓▓▓▓▓▓▓▓▓▓▓▓▓▓▓▓▓▓▓▓▓▓▓▓▓▓▓▓▓▓▓
)....'________________________'.?
▓▓▓▓▓▓▓▓▓▓▓▓▓▓▓▓▓▓▓▓▓▓▓▓▓▓▓▓▓▓▓▓▓


You could see an oklob plant, a komodo dragon and a friendly troll (berserk).

Vanquished Creatures
  2 centaur warriors (D)
  A black mamba (D)
  A troll (D)
  A blink frog (D)
  A hippogriff (D)
  A yak (D)
  A vampire mosquito (D)
  A porcupine (D)
  A centaur (D)
  A crocodile (D)
  A big kobold (D)
  2 bullfrogs (D)
  A howler monkey (D)
  A crimson imp (D)
  An orc wizard (D)
  A hound (D)
  An iguana (D)
  2 dart slugs (D)
  A leopard gecko (D)
  2 orcs (D)
  A bat (D)
  A jackal zombie (D)
  3 rats (D)
29 creatures vanquished.

Notes
Turn   | Place    | Note
-------+----------+-------------------------------------------
     0 | D        | Kidiri the Draconian Berserker began the quest for the Orb.
     0 | D        | Reached XP level 1. HP: 19/19 MP: 1/1
    14 | D        | Reached ** piety under Trog
   111 | D        | Noticed a hound
   111 | D        | Noticed an orc wizard
   114 | D        | Reached skill level 4 in Fighting
   114 | D        | Reached skill level 1 in Throwing
   114 | D        | Reached XP level 2. HP: 27/27 MP: 2/2
   115 | D        | Reached *** piety under Trog
   119 | D        | Reached skill level 5 in Fighting
   119 | D        | Reached XP level 3. HP: 36/36 MP: 3/3
   124 | D        | Reached **** piety under Trog
   124 | D        | Reached skill level 5 in Long Blades
   124 | D        | Reached XP level 4. HP: 44/44 MP: 4/4
   163 | D        | Found a roughly hewn altar of Beogh.
   163 | D        | Found a snail-covered altar of Cheibriados.
   163 | D        | Found a shadowy altar of Dithmenos.
   163 | D        | Found a white marble altar of Elyvilon.
   163 | D        | Found a blossoming altar of Fedhas.
   163 | D        | Found an opulent altar of Gozag.
   164 | D        | Found a hazy altar of Hepliaklqana.
   165 | D        | Found a viscous altar of Jiyva.
   166 | D        | Found an ancient bone altar of Kikubaaqudgha.
   167 | D        | Found a corrupted altar of Lugonu.
   168 | D        | Found a burning altar of Makhleb.
   169 | D        | Found a sparkling altar of Nemelex Xobeh.
   170 | D        | Found an iron altar of Okawaru.
   171 | D        | Found a stormy altar of Qazlal.
   172 | D        | Found a sacrificial altar of Ru.
   173 | D        | Found a deep blue altar of Sif Muna.
   174 | D        | Found a bloodstained altar of Trog.
   175 | D        | Found a hide-covered altar of Uskayaw.
   176 | D        | Found a radiant altar of Vehumet.
   177 | D        | Found an ornate altar of the Wu Jian Council.
   178 | D        | Found a shimmering altar of Xom.
   179 | D        | Found a basalt altar of Yredelemnul.
   180 | D        | Found a glowing silver altar of Zin.
   181 | D        | Found a glowing golden altar of the Shining One.
   226 | D        | Noticed a centaur
   226 | D        | Noticed a hippogriff
   226 | D        | Noticed a big kobold
   229 | D        | Reached skill level 6 in Fighting
   229 | D        | Reached skill level 5 in Dodging
   232 | D        | Killed a centaur
   232 | D        | Reached skill level 7 in Fighting
   232 | D        | Reached XP level 5. HP: 52/52 MP: 5/5
   235 | D        | Killed a hippogriff
   235 | D        | Reached skill level 8 in Fighting
   235 | D        | Reached XP level 6. HP: 62/62 MP: 6/6
   236 | D        | Received a gift from Trog
   243 | D        | Reached ***** piety under Trog
   243 | D        | Reached skill level 9 in Fighting
   281 | D        | Noticed a troll
   281 | D        | Noticed a centaur warrior
   281 | D        | Noticed a vampire mosquito
   281 | D        | Noticed a centaur warrior
   287 | D        | Killed a troll
   287 | D        | Reached skill level 5 in Throwing
   287 | D        | Your scales start taking on a fiery red colour.
   287 | D        | Reached XP level 7. HP: 33/71 MP: 7/7
   287 | D        | Gained mutation: Your flesh is heat resistant. (rF+) [Red Draconian growth]
   292 | D        | Killed a centaur warrior
   292 | D        | Reached skill level 11 in Fighting
   292 | D        | Reached skill level 10 in Long Blades
   292 | D        | Reached XP level 8. HP: 33/82 MP: 8/8
   294 | D        | Received a gift from Trog
   300 | D        | Killed a centaur warrior
   300 | D        | Reached skill level 12 in Fighting
   300 | D        | Reached skill level 10 in Dodging
   300 | D        | Reached XP level 9. HP: 15/90 MP: 9/9
   301 | D        | Received a gift from Trog
   626 | D        | Noticed a black mamba
   628 | D        | Noticed an oklob plant
   632 | D        | Received a gift from Trog
   637 | D        | Received a gift from Trog
   641 | D        | Killed a black mamba
   641 | D        | Reached skill level 13 in Fighting
   642 | D        | Noticed a komodo dragon
   945 | D        | Killed from afar by an oklob plant

Vault maps used:
D:        linesprint

Skill      XL: |  1  2  3  4  5  6  7  8  9 |
---------------+----------------------------+-----
Dodging        | 3 4 5 7 8 9 10 11 | 11.2
Fighting       | 4 5 7 8 9 11 12 13 | 13.1
Throwing       | 1 2 3 4 5 6 7 |  7.7
Long Blades    | 4 5 6 7 9 10 11 12 | 12.1

Action                   |  1- 3 |  4- 6 |  7- 9 || total
-------------------------+-------+-------+-------++-------
Melee: Falchion          |    22 |       |       ||    22
       Tailslap          |     3 |     5 |     5 ||    13
       Scimitar          |       |    15 |    30 ||    45
Invok: Berserk           |     2 |     2 |     2 ||     6
       Trog's Hand       |       |     2 |     1 ||     3
       Brothers in Arms  |       |     1 |     1 ||     2
 Abil: Breathe Fire      |       |       |     1 ||     1
  Use: Scroll            |       |       |     1 ||     1
  Eat: Chunk             |       |     1 |     3 ||     4
       Bread ration      |       |       |     1 ||     1
Armor: Skin              |     4 |     5 |     2 ||    11
Dodge: Dodged            |    10 |    15 |    11 ||    36
       Rpst.: Falchion   |     4 |       |       ||     4
       Scimitar          |       |     4 |     5 ||     9

Table legend:
 A = Spawn XP
 B = Non-spawn XP
 C = Spawn XP percentage of total XP
 D = Spawn monster count
 E = Non-spawn monster count
 F = Spawn count percentage of total count
 G = Total turns spent on level
                    A         B        C        D         E        F      G
               +---------+---------+-------+---------+---------+-------+---------
         Total |       0 |    4314 |   0.0 |       0 |      29 |   0.0 |   945
               +---------+---------+-------+---------+---------+-------+---------
             D |       0 |    4314 |   0.0 |       0 |      29 |   0.0 |   945
               +---------+---------+-------+---------+---------+-------+---------
